HSSL
HUNTSVILLE HS WASPS @ JACKSON HS SWAMP BATS
05/12/2026
 
TOP OF THE 1ST
Huntsville HS Wasps batting - Pitching for Jackson HS Swamp Bats : LHP Jeff Holman
Pitching: LHP Jeff Holman
Batting: RHB Esteban Garza 0-0: Called Strike
0-1: Ball
1-1: Ball
2-1: Foul Ball, location: 2F
2-2: Ball
3-2: SINGLE (Line Drive, 56D)
Batting: RHB Charles Lewis 0-0: Fielders Choice at 2nd, 6-4 (Groundball, 6M)
Batting: RHB Christian Porter 0-0: Called Strike
Charles Lewis is caught stealing 2nd base
0-1: Ball
1-1: Foul Ball, location: 2F
1-2: Ground out 6-3 (Groundball, 6M)
Top of the 1st over - 0 run(s), 1 hit(s), 0 error(s), 0 left on base; Huntsville HS 0 - Jackson HS 0
BOTTOM OF THE 1ST
Jackson HS Swamp Bats batting - Pitching for Huntsville HS Wasps : RHP Jimmy MacAulay
Pitching: RHP Jimmy MacAulay
Batting: RHB Dennis Curran 0-0: Called Strike
0-1: Ball
1-1: Called Strike
1-2: Ball
2-2: Ball
3-2: Strikes out swinging
Batting: SHB Luis Romero 0-0: Called Strike
0-1: Called Strike
0-2: Strikes out swinging
Batting: LHB Carlos Anaya 0-0: Swinging Strike
0-1: Called Strike
0-2: Fly out, F5 (Line Drive, 5)
Bottom of the 1st over - 0 run(s), 0 hit(s), 0 error(s), 0 left on base; Huntsville HS 0 - Jackson HS 0
TOP OF THE 2ND
Huntsville HS Wasps batting - Pitching for Jackson HS Swamp Bats : LHP Jeff Holman
Batting: RHB Foster Hapgood 0-0: Called Strike
0-1: Ball
1-1: Ball
2-1: Ball
3-1: Base on Balls
Batting: RHB Jesse Pérez 0-0: Ball
Foster Hapgood steals 2nd base
1-0: Ball
2-0: SINGLE (Line Drive, 34D)
Foster Hapgood to third
Batting: LHB Warren Walden 0-0: Ball
1-0: Foul Ball, location: 2F
1-1: Ball
2-1: Ball
3-1: Base on Balls
Jesse Pérez to second
Batting: RHB Roberto Peña 0-0: Ball
1-0: Fly out, F9 (Flyball, 89M)
Runner from 3rd tags up, SCORES, throw made
Batting: LHB Eddie Nealon 0-0: Ball
1-0: Ball
2-0: Swinging Strike
2-1: Ball
3-1: Swinging Strike
3-2: Strikes out swinging
Batting: RHB Mike Kennedy 0-0: Called Strike
0-1: Ball
1-1: Ball
2-1: Foul Ball, location: 2F
2-2: Ball
3-2: DOUBLE (Groundball, 5L)
Jesse Pérez scores
Warren Walden to third
Warren Walden scores
Batting: RHB Esteban Garza 0-0: Called Strike
0-1: Ball
1-1: Ball
Wild Pitch!
Mike Kennedy to third
2-1: 2-RUN HOME RUN (Flyball, 78XD), Distance : 398 ft
Batting: RHB Charles Lewis 0-0: Ball
1-0: Ball
2-0: Ball
3-0: Base on Balls
Batting: RHB Christian Porter 0-0: Ball
Charles Lewis steals 2nd base
1-0: Ball
2-0: Called Strike
2-1: Called Strike
2-2: Foul Ball, location: 2F
2-2: Foul Ball, location: 2F
2-2: Strikes out looking
Top of the 2nd over - 5 run(s), 3 hit(s), 0 error(s), 1 left on base; Huntsville HS 5 - Jackson HS 0
BOTTOM OF THE 2ND
Jackson HS Swamp Bats batting - Pitching for Huntsville HS Wasps : RHP Jimmy MacAulay
Batting: RHB Anthony O'Bryan 0-0: Called Strike
0-1: Ball
1-1: Ball
2-1: Foul Ball, location: 2F
2-2: Strikes out swinging
Batting: LHB Brad Fuller 0-0: Ball
1-0: Foul Ball, location: 2F
1-1: SINGLE (Line Drive, 8RS)
Batting: RHB Brandon Davis 0-0: Ball
Brad Fuller steals 2nd base
1-0: Ball
2-0: Called Strike
2-1: Swinging Strike
2-2: Strikes out swinging
Batting: RHB Ron Frost 0-0: Called Strike
0-1: Fly out, F8 (Flyball, 8LM)
Bottom of the 2nd over - 0 run(s), 1 hit(s), 0 error(s), 1 left on base; Huntsville HS 5 - Jackson HS 0
TOP OF THE 3RD
Huntsville HS Wasps batting - Pitching for Jackson HS Swamp Bats : LHP Jeff Holman
Batting: RHB Foster Hapgood 0-0: Ball
1-0: Ball
2-0: Ball
3-0: Base on Balls
Batting: RHB Jesse Pérez 0-0: Ball
1-0: Ball
2-0: Ball
3-0: Called Strike
3-1: Foul Ball, location: 2F
3-2: Base on Balls
Foster Hapgood to second
Batting: LHB Warren Walden 0-0: Foul Ball, location: 2F
0-1: Swinging Strike
0-2: Foul Ball, location: 2F
0-2: Foul Ball, location: 2F
0-2: Strikes out swinging
Batting: RHB Roberto Peña 0-0: Called Strike
0-1: Called Strike
0-2: Strikes out swinging
Batting: LHB Eddie Nealon 0-0: Called Strike
0-1: Swinging Strike
0-2: Ball
1-2: Strikes out swinging
Top of the 3rd over - 0 run(s), 0 hit(s), 0 error(s), 2 left on base; Huntsville HS 5 - Jackson HS 0
BOTTOM OF THE 3RD
Jackson HS Swamp Bats batting - Pitching for Huntsville HS Wasps : RHP Jimmy MacAulay
Batting: LHB Joe Davis 0-0: Ground out 3-1 (Groundball, 3)
Batting: RHB Russell Ferguson 0-0: Called Strike
0-1: Called Strike
0-2: Foul Ball, location: 2F
0-2: Ball
1-2: Ground out 5-3 (Groundball, 56S)
Batting: RHB Dennis Curran 0-0: Called Strike
0-1: Called Strike
0-2: Hit by Pitch
Batting: SHB Luis Romero 0-0: Called Strike
Dennis Curran steals 2nd base
0-1: Foul Ball, location: 2F
0-2: Reached on error, E6 (Groundball, 6)
Dennis Curran to third
Batting: LHB Carlos Anaya 0-0: SINGLE (Groundball, 34)
Dennis Curran scores
Luis Romero to second
Throwing error, E9
Luis Romero scores
Carlos Anaya to second
Batting: RHB Anthony O'Bryan 0-0: Ball
1-0: Swinging Strike
1-1: Ball
2-1: Called Strike
2-2: Foul Ball, location: 2F
2-2: Ball
3-2: Foul Ball, location: 2F
3-2: Strikes out swinging
Bottom of the 3rd over - 2 run(s), 1 hit(s), 2 error(s), 1 left on base; Huntsville HS 5 - Jackson HS 2
TOP OF THE 4TH
Huntsville HS Wasps batting - Pitching for Jackson HS Swamp Bats : LHP Jeff Holman
Batting: RHB Mike Kennedy 0-0: Ball
1-0: Ball
2-0: Ball
3-0: Called Strike
3-1: Base on Balls
Pitching: LHP Travis Watson
Batting: RHB Esteban Garza 0-0: Ball
1-0: Foul Ball, location: 2F
1-1: Ball
2-1: Swinging Strike
2-2: SINGLE (Flyball, 9LM)
Mike Kennedy to second
Runner from 2nd tries for 3rd, SAFE, no throw or cutoff
Batting: RHB Charles Lewis 0-0: Called Strike
Esteban Garza is caught stealing 2nd base
0-1: Ball
1-1: Ball
2-1: Foul Ball, location: 2F
2-2: SINGLE (Line Drive, 56D)
Mike Kennedy scores
Batting: RHB Christian Porter 0-0: Called Strike
0-1: Foul Ball, location: 2F
0-2: Ball
1-2: 2-RUN HOME RUN (Flyball, 78XD), Distance : 389 ft
Batting: RHB Foster Hapgood 0-0: Called Strike
0-1: Foul Ball, location: 2F
0-2: Ball
1-2: Ground out 1-3 (Groundball, 15S)
Batting: RHB Jesse Pérez 0-0: Ball
1-0: SINGLE (Groundball, 4MD)
Batting: LHB Warren Walden 0-0: Called Strike
0-1: Ball
1-1: SINGLE (Flyball, 8RS)
Jesse Pérez to second
Batting: RHB Roberto Peña 0-0: Ball
1-0: Called Strike
1-1: Swinging Strike
1-2: Strikes out swinging
Top of the 4th over - 3 run(s), 5 hit(s), 0 error(s), 2 left on base; Huntsville HS 8 - Jackson HS 2
BOTTOM OF THE 4TH
Jackson HS Swamp Bats batting - Pitching for Huntsville HS Wasps : RHP Jimmy MacAulay
Batting: LHB Brad Fuller 0-0: Ball
1-0: Foul Ball, location: 2F
1-1: Ball
2-1: Foul Ball, location: 2F
2-2: Strikes out swinging
Batting: RHB Brandon Davis 0-0: Ball
1-0: Ball
2-0: Called Strike
2-1: Ball
3-1: Called Strike
3-2: Foul Ball, location: 2F
3-2: Ground out 4-3 (Groundball, 4)
Batting: RHB Ron Frost 0-0: SINGLE (Groundball, 6MD)
Batting: LHB Joe Davis 0-0: Ball
1-0: Called Strike
1-1: Ball
2-1: Foul Ball, location: 2F
2-2: Ball
3-2: SINGLE (Groundball, 4)
Ron Frost to second
Ron Frost to third
Batting: RHB Russell Ferguson 0-0: Foul Ball, location: 2F
0-1: Ball
1-1: Foul Ball, location: 2F
1-2: Ball
2-2: Strikes out swinging
Bottom of the 4th over - 0 run(s), 2 hit(s), 0 error(s), 2 left on base; Huntsville HS 8 - Jackson HS 2
TOP OF THE 5TH
Huntsville HS Wasps batting - Pitching for Jackson HS Swamp Bats : LHP Travis Watson
Batting: LHB Eddie Nealon 0-0: Foul Ball, location: 2F
0-1: Ball
1-1: Ball
2-1: Ground out 6-3 (Groundball, 6)
Batting: RHB Mike Kennedy 0-0: Ball
1-0: Ball
2-0: Called Strike
2-1: Foul Ball, location: 2F
2-2: Ball
3-2: Base on Balls
Batting: RHB Esteban Garza 0-0: Called Strike
0-1: Ball
1-1: Foul Ball, location: 2F
1-2: Ball
2-2: Reached on error, E5 (Groundball, 56)
Mike Kennedy to second
Pitching: RHP John Clark
Batting: RHB Charles Lewis 0-0: Ball
1-0: Ball
2-0: Called Strike
2-1: Foul Ball, location: 2F
2-2: SINGLE (Popup, 8LS)
Mike Kennedy to third
Esteban Garza to second
Runner from 3rd tries for Home, SAFE, throw made at trailing runner, SAFE at third!
Batting: RHB Christian Porter 0-0: Ball
Charles Lewis steals 2nd base
1-0: Called Strike
1-1: Called Strike
1-2: Ball
2-2: Ground out 5-3 (Groundball, 5)
Batting: RHB Foster Hapgood 0-0: Ball
1-0: Ball
2-0: Ball
3-0: Called Strike
3-1: Base on Balls
Batting: RHB Jesse Pérez 0-0: Foul Ball, location: 2F
0-1: Ground out 5-3 (Groundball, 56)
Top of the 5th over - 1 run(s), 1 hit(s), 1 error(s), 3 left on base; Huntsville HS 9 - Jackson HS 2
BOTTOM OF THE 5TH
Jackson HS Swamp Bats batting - Pitching for Huntsville HS Wasps : RHP Jimmy MacAulay
Batting: RHB Dennis Curran 0-0: Foul Ball, location: 2F
0-1: Ball
1-1: Fly out, F8 (Flyball, 8LM)
Batting: SHB Luis Romero 0-0: Ground out 4-3 (Groundball, 4)
Batting: LHB Carlos Anaya 0-0: DOUBLE (Groundball, 3L)
Batting: RHB Anthony O'Bryan 0-0: Ball
1-0: Swinging Strike
1-1: Foul Ball, location: 2F
1-2: SINGLE (Groundball, 6MD)
Carlos Anaya to third
Runner from 3rd tries for Home, SAFE, throw made home
Pitching: LHP Josh Johnston
Batting: LHB Brad Fuller 0-0: Ball
1-0: Ball
2-0: Called Strike
2-1: Ball
3-1: Base on Balls
Anthony O'Bryan to second
Batting: RHB Brandon Davis 0-0: Ball
1-0: Ball
2-0: Called Strike
2-1: Ball
3-1: Base on Balls
Anthony O'Bryan to third
Brad Fuller to second
Batting: RHB Ron Frost 0-0: Called Strike
0-1: Ball
1-1: Ball
2-1: Called Strike
2-2: Fly out, F3 (Popup, 3SF)
Bottom of the 5th over - 1 run(s), 2 hit(s), 0 error(s), 3 left on base; Huntsville HS 9 - Jackson HS 3
TOP OF THE 6TH
Huntsville HS Wasps batting - Pitching for Jackson HS Swamp Bats : RHP John Clark
Batting: LHB Warren Walden 0-0: SINGLE (Groundball, 56D)
Batting: RHB Roberto Peña 0-0: Called Strike
0-1: Fly out, F7 (Flyball, 7M)
Batting: LHB Eddie Nealon 0-0: Ball
1-0: Foul Ball, location: 2F
1-1: Called Strike
1-2: Ball
2-2: Fly out, F9 (Flyball, 89M)
Batting: RHB Mike Kennedy 0-0: Ball
1-0: Ball
2-0: Ball
3-0: Called Strike
3-1: Fly out, F8 (Line Drive, 8LD)
Top of the 6th over - 0 run(s), 1 hit(s), 0 error(s), 1 left on base; Huntsville HS 9 - Jackson HS 3
BOTTOM OF THE 6TH
Jackson HS Swamp Bats batting - Pitching for Huntsville HS Wasps : LHP Josh Johnston
Batting: LHB Joe Davis 0-0: Ball
1-0: Ball
2-0: Ball
3-0: Base on Balls
Batting: RHB Russell Ferguson 0-0: Ball
1-0: Called Strike
1-1: Ball
2-1: Ball
3-1: SINGLE (Groundball, 6MD)
Joe Davis to second
Batting: RHB Dennis Curran 0-0: Called Strike
0-1: Ball
1-1: Called Strike
1-2: Ball
2-2: Ball
3-2: Foul Ball, location: 2F
3-2: Foul Ball, location: 2F
3-2: Foul Ball, location: 2F
3-2: Foul Ball, location: 2F
3-2: Foul Ball, location: 2F
3-2: Reached on error, E6 (Groundball, 6)
Joe Davis to third
Russell Ferguson to second
Batting: SHB Luis Romero 0-0: Ball
1-0: Swinging Strike
1-1: Ball
2-1: Called Strike
2-2: Foul Ball, location: 2F
2-2: Fly out, F9 (Flyball, 9S)
Batting: LHB Carlos Anaya 0-0: Ball
1-0: Ball
2-0: Swinging Strike
2-1: Ball
3-1: Called Strike
3-2: Base on Balls
Joe Davis scores
Russell Ferguson to third
Dennis Curran to second
Pitching: RHP Rod Powell
Batting: RHB Anthony O'Bryan 0-0: Called Strike
0-1: Ball
1-1: Ball
2-1: Swinging Strike
2-2: Strikes out swinging
Batting: LHB Brad Fuller 0-0: Ball
1-0: Ball
2-0: Ball
3-0: Base on Balls
Russell Ferguson scores
Dennis Curran to third
Carlos Anaya to second
Batting: RHB Brandon Davis 0-0: Called Strike
0-1: Foul Ball, location: 2F
0-2: Ground out 1-3 (Groundball, 4M)
Bottom of the 6th over - 2 run(s), 1 hit(s), 1 error(s), 3 left on base; Huntsville HS 9 - Jackson HS 5
TOP OF THE 7TH
Huntsville HS Wasps batting - Pitching for Jackson HS Swamp Bats : RHP John Clark
Batting: RHB Esteban Garza 0-0: Ball
1-0: Ball
2-0: Foul Ball, location: 2F
2-1: Ball
3-1: Foul Ball, location: 2F
3-2: Foul Ball, location: 2F
3-2: SINGLE (Groundball, 6)
Batting: RHB Charles Lewis 0-0: Ball
1-0: Ball
Esteban Garza steals 2nd base
2-0: Ball
3-0: Called Strike
3-1: Called Strike
3-2: Base on Balls
Pitching: RHP Tim Forrest
Batting: RHB Christian Porter 0-0: Ball
1-0: Fielders Choice at 2nd, 1-6 (Groundball, 13S)
Esteban Garza to third
Batting: RHB Foster Hapgood 0-0: Ball
1-0: Foul Ball, location: 2F
1-1: SINGLE (Line Drive, 4D)
Esteban Garza scores
Christian Porter to second
Batting: RHB Jesse Pérez 0-0: Ball
1-0: Foul Ball, location: 2F
1-1: Fly out, F7 (Line Drive, 7M)
Batting: LHB Warren Walden 0-0: Foul Ball, location: 2F
0-1: SINGLE (Groundball, 34) (infield hit)
Christian Porter to third
Foster Hapgood to second
Batting: RHB Roberto Peña 0-0: Reached on Error, E7 (Flyball, 7M)
Christian Porter scores
Foster Hapgood scores
Warren Walden to third
Batting: LHB Eddie Nealon 0-0: Called Strike
0-1: Ball
1-1: Called Strike
1-2: Strikes out swinging
Top of the 7th over - 3 run(s), 3 hit(s), 1 error(s), 2 left on base; Huntsville HS 12 - Jackson HS 5
BOTTOM OF THE 7TH
Jackson HS Swamp Bats batting - Pitching for Huntsville HS Wasps : RHP Rod Powell
Batting: RHB Ron Frost 0-0: Called Strike
0-1: Ball
1-1: Swinging Strike
1-2: Strikes out swinging
Batting: LHB Joe Davis 0-0: Ball
1-0: Ball
2-0: Called Strike
2-1: Ball
3-1: Base on Balls
Batting: RHB Russell Ferguson 0-0: Grounds into double play, 6-4-3 (Groundball, 6)
Bottom of the 7th over - 0 run(s), 0 hit(s), 0 error(s), 0 left on base; Huntsville HS 12 - Jackson HS 5
TOP OF THE 8TH
Huntsville HS Wasps batting - Pitching for Jackson HS Swamp Bats : RHP Tim Forrest
Batting: RHB Mike Kennedy 0-0: Ball
1-0: Ball
2-0: Foul Ball, location: 2F
2-1: Ball
3-1: Swinging Strike
3-2: Foul Ball, location: 2F
3-2: Base on Balls
Batting: RHB Esteban Garza 0-0: Ball
1-0: Grounds into double play, 6-4-3 (Groundball, 6)
Batting: RHB Charles Lewis 0-0: Ball
1-0: Foul Ball, location: 2F
1-1: Ball
2-1: Called Strike
2-2: Ball
3-2: Base on Balls
Batting: RHB Christian Porter 0-0: Called Strike
0-1: Called Strike
0-2: Ball
1-2: Foul Ball, location: 2F
1-2: Foul Ball, location: 2F
1-2: DOUBLE (Line Drive, 8LM)
Charles Lewis to third
Batting: RHB Foster Hapgood 0-0: Foul Ball, location: 2F
0-1: Called Strike
0-2: Ball
1-2: SINGLE (Flyball, 8LS)
Charles Lewis scores
Christian Porter to third
Runner from 3rd tries for Home, SAFE, throw made home
Batting: RHB Jesse Pérez 0-0: Swinging Strike
0-1: Ball
1-1: Foul Ball, location: 2F
1-2: Ground out U3 (Groundball, 3L)
Top of the 8th over - 2 run(s), 2 hit(s), 0 error(s), 1 left on base; Huntsville HS 14 - Jackson HS 5
BOTTOM OF THE 8TH
Jackson HS Swamp Bats batting - Pitching for Huntsville HS Wasps : RHP Rod Powell
Now in CF: José Chávez
Batting: RHB Dennis Curran 0-0: Ball
1-0: Ball
2-0: Ball
3-0: Called Strike
3-1: Base on Balls
Batting: SHB Luis Romero 0-0: Ball
1-0: Foul Ball, location: 2F
1-1: Fly out, F7 (Flyball, 78S)
Pitching: RHP José Carmona
Batting: LHB Carlos Anaya 0-0: Ball
1-0: Called Strike
1-1: Swinging Strike
1-2: Strikes out swinging
Batting: RHB Anthony O'Bryan 0-0: Ball
1-0: Ball
2-0: Foul Ball, location: 2F
2-1: Swinging Strike
2-2: Strikes out swinging
Bottom of the 8th over - 0 run(s), 0 hit(s), 0 error(s), 1 left on base; Huntsville HS 14 - Jackson HS 5
TOP OF THE 9TH
Huntsville HS Wasps batting - Pitching for Jackson HS Swamp Bats : RHP Tim Forrest
Pitching: RHP Carter Mortensen
Batting: LHB Warren Walden 0-0: SOLO HOME RUN (Flyball, 9D), Distance : 384 ft
Batting: RHB Roberto Peña 0-0: Foul Ball, location: 2F
0-1: Ball
1-1: Ball
2-1: SINGLE (Line Drive, 89S)
Batting: LHB Eddie Nealon 0-0: Foul Ball, location: 2F
0-1: Foul Ball, location: 2F
0-2: Strikes out swinging
Batting: RHB Mike Kennedy 0-0: Ball
Wild Pitch!
Roberto Peña to second
1-0: Ball
2-0: Ball
3-0: Called Strike
3-1: Called Strike
3-2: SINGLE (Line Drive, 6MD)
Roberto Peña to third
Batting: RHB Esteban Garza 0-0: Ball
1-0: Called Strike
1-1: Foul Ball, location: 2F
1-2: Foul Ball, location: 2F
1-2: Ball
2-2: Fly out, F9 (Flyball, 9M)
Batting: RHB Charles Lewis 0-0: Called Strike
0-1: Ball
1-1: SINGLE (Groundball, 5D)
Roberto Peña scores
Mike Kennedy to second
Batting: SHB José Chávez 0-0: Ball
1-0: Ball
2-0: Called Strike
2-1: Called Strike
2-2: Strikes out looking
Top of the 9th over - 2 run(s), 4 hit(s), 0 error(s), 2 left on base; Huntsville HS 16 - Jackson HS 5
BOTTOM OF THE 9TH
Jackson HS Swamp Bats batting - Pitching for Huntsville HS Wasps : RHP José Carmona
Now in RF: Clinton O'Brien
Batting: LHB Brad Fuller 0-0: Called Strike
0-1: Called Strike
0-2: Strikes out swinging
Batting: RHB Brandon Davis 0-0: Ball
1-0: Swinging Strike
1-1: Foul Ball, location: 2F
1-2: Ball
2-2: Foul Ball, location: 2F
2-2: Ground out 1-3 (Groundball, 15)
Batting: RHB Ron Frost 0-0: Ball
1-0: Called Strike
1-1: Fly out, F9 (Flyball, 9LM)
Bottom of the 9th over - 0 run(s), 0 hit(s), 0 error(s), 0 left on base; Huntsville HS 16 - Jackson HS 5
Monday, December 5th, 2016 - OOTP Baseball 17.12 Build 75